 Dungeon Crawl Stone Soup version 0.22-b1-21-g5cfc168 (webtiles) character file.

117 Goblin1989 the Insei (level 4, 0/33 HPs)
             Began as a Demonspawn Transmuter on Aug 5, 2018.
             Was an Initiate of Wu Jian.
             Slain by an orc
             ... wielding a cursed +0 flail
              (6 damage)
             ... on level 3 of the Dungeon.
             The game lasted 00:08:18 (3338 turns).

Goblin1989 the Insei (Demonspawn Transmuter)        Turns: 3338, Time: 00:08:19

Health: 0/33       AC:  8    Str: 10    XL:     4   Next: 71%
Magic:  7/7        EV: 18    Int: 20    God:    Wu Jian [......]
Gold:   74         SH:  0    Dex: 20    Spells: 6/7 levels left

rFire    . . .     SeeInvis .     - Unarmed
rCold    . . .     Gourm    .   (no shield)
rNeg     . . .     Faith    .   b - +0 robe
rPois    .         Spirit   .   (helmet restricted)
rElec    .         Reflect  .   (no cloak)
rCorr    .         Harm     .   (no gloves)
MR       .....                  (no boots)
Stlth    +++.......             (no amulet)
HPRegen  0.11/turn              y - -3 ring of slaying (curse)
MPRegen  0.10/turn              (no ring)

@: agile, sanguine armour
A: claws 1, horns 1, agile 1, clever 2, sanguine armour 1
a: Renounce Religion


You were on level 3 of the Dungeon.
You worshipped Wu Jian.
Wu Jian was noncommittal.
You were not hungry.

You visited 1 branch of the dungeon, and saw 3 of its levels.

You collected 74 gold pieces.

Inventory:

Missiles
 a - 12 arrows
 W - 16 poisoned needles
 Z - 21 stones (quivered) {@Q3}
Armour
 b - a +0 robe (worn)
 R - a +0 chain mail
 S - a +0 shield
 U - a +0 ring mail
Jewellery
 y - a cursed -3 ring of slaying (left claw)
Scrolls
 T - a scroll of teleportation
Potions
 Y - a potion of brilliance
Comestibles
 e - a ration


   Skills:
 + Level 1.9 Fighting
 + Level 2.4 Dodging
 - Level 0.1 Shields
 + Level 3.9 Unarmed Combat
 - Level 2.0 Spellcasting
 - Level 2.5 Transmutations


You had 6 spell levels left.
You knew the following spells:

 Your Spells              Type           Power        Failure   Level  Hunger
a - Beastly Appendage     Tmut           ##....       5%          1    #......

Your spell library contained the following spells:

 Spells                   Type           Power        Failure   Level  Hunger
 Spider Form              Tmut/Pois      #.........   28%         3    ###....
 Blade Hands              Tmut           ##........   83%         5    ######.
 Ice Form                 Ice/Tmut       #.......     67%         4    #####..
 Sticks to Snakes         Tmut           ##......     9%          2    ##.....


Dungeon Overview and Level Annotations

Branches:
Dungeon (3/15)

Altars:
Elyvilon
Wu Jian
The Shining One


Innate Abilities, Weirdness & Mutations

You have sharp fingernails.
When seriously injured, your bleeding wounds create armour. (AC +6)
You have a pair of small horns on your head.
You are agile. (Dex +2)
Your mind is very acute. (Int +4)


Message History

The adder hisses angrily.
You hear a shout!
An orc comes into view. It is wielding a flail.
The adder bites you.
Your blood congeals into armour.
You take 2 damage, and have 22/33 hp.
Unknown command.
Unknown command.
Unknown command.
As you read the scroll labeled TENLEGHEJOC, it crumbles to dust.
It is a scroll of amnesia.
Okay, then.
The adder bites you but does no damage.
Unknown command.
You barely miss the adder.
The adder is heavily wounded.
You feel sick. The adder bites you but does no damage.
You take 1 damage, and have 21/33 hp.
It was a potion of agility.
You feel agile all of a sudden. The adder barely misses you.
A goblin comes into view. It is wielding a whip.
The adder misses you.
Unknown command.
You closely miss the adder.
The adder is heavily wounded.
The adder barely misses you. The adder bites you but does no damage.
You scratch the adder but do no damage.
The adder is heavily wounded.
You feel sick. The adder completely misses you. x2
You scratch the adder.
You kill the adder!
The Council accepts your kill. The adder misses you.
You scratch the kobold but do no damage.
The adder closely misses you.
You scratch the kobold.
The kobold is severely wounded.
You feel sick. The adder bites you but does no damage.
The kobold hits you but does no damage. The adder misses you.
A goblin comes into view.
You take 1 damage, and have 20/33 hp.
You completely miss the kobold.
The goblin shouts!
Your headbutt misses the kobold.
The kobold is severely wounded.
You hear a shout!
The kobold closely misses you. The adder completely misses you.
You scratch the kobold.
You kill the kobold!
The Council accepts your kill. The adder bites you but does no damage.
Things that are here:
a dagger; an adder corpse You scratch the adder.
The adder is lightly wounded.
The adder bites you but does no damage.
You miss the adder.
The adder is lightly wounded.
You feel sick. The adder bites you.
* * * LOW HITPOINT WARNING * * *
The adder barely misses you.
You take 6 damage, and have 14/33 hp.
You barely miss the adder.
The adder is lightly wounded.
The adder completely misses you.
You closely miss the adder.
The adder is lightly wounded.
The adder misses you.
You scratch the adder. You headbutt the adder.
The adder is severely wounded.
The adder misses you.
You scratch the adder but do no damage.
You headbutt the adder, but do no damage.
The adder is severely wounded.
You feel sick. The adder barely misses you. The adder closely misses you.
You take 1 damage, and have 14/33 hp.
You scratch the adder but do no damage.
The adder is severely wounded.
The adder closely misses you.
You closely miss the adder. You headbutt the adder.
You kill the adder!
The Council accepts your kill.
You barely miss the orc. You headbutt the orc.
The orc is lightly wounded.
The orc misses you.
You scratch the orc.
The orc is moderately wounded.
You feel sick.
You are no longer poisoned.
An adder comes into view.
You take 1 damage, and have 13/33 hp.
The adder hisses angrily.
You scratch the orc but do no damage.
The orc is moderately wounded.
The orc hits you with a flail!
* * * LOW HITPOINT WARNING * * *
You take 7 damage, and have 6/33 hp.
MASSIVE DAMAGE!!
You closely miss the orc.
The orc is moderately wounded.
The orc hits you with a flail.
You die...

█./.. █████(...
..█....█ █.....[█
. g ......██.. ...
........█
..!..█████........
.....ggo@......██
..S.█████.........
. █<.....█.██
█........█
█....[...█
█....█████ .......
.........
█.........


You could see an adder, an orc and 2 goblins.

Vanquished Creatures
  An iguana (D:2)
  5 adders
  An ooze (D:2)
  A worm (D:3)
  A dart slug (D:1)
  2 leopard geckos
  A ball python (D:1)
  4 goblins (D:1)
  8 kobolds
  5 bats
  9 frilled lizards
  6 rats
44 creatures vanquished.

Notes
Turn   | Place    | Note
-------+----------+-------------------------------------------
     0 | D:1      | Goblin1989 the Demonspawn Transmuter began the quest for the Orb.
     0 | D:1      | Reached XP level 1. HP: 15/15 MP: 3/3
   269 | D:1      | Gained mutation: You have sharp fingernails. [demonic ancestry]
   269 | D:1      | Reached XP level 2. HP: 21/21 MP: 3/5
   658 | D:1      | Reached skill level 3 in Unarmed Combat
  1338 | D:2      | Gained mutation: When seriously injured, your bleeding wounds create armour. (AC +6) [demonic ancestry]
  1338 | D:2      | Reached XP level 3. HP: 22/26 MP: 6/6
  1353 | D:2      | Found a glowing golden altar of the Shining One.
  1353 | D:2      | Found a white marble altar of Elyvilon.
  1520 | D:2      | Reached XP level 4. HP: 19/32 MP: 7/7
  2111 | D:2      | Found an ornate altar of the Wu Jian Council.
  2152 | D:2      | Gained mutation: Your mind is acute. (Int +2) [potion of mutation]
  2152 | D:2      | Gained mutation: Your mind is very acute. (Int +4) [potion of mutation]
  2152 | D:2      | Gained mutation: You are agile. (Dex +2) [potion of mutation]
  2152 | D:2      | Gained mutation: You have a pair of small horns on your head. [potion of mutation]
  2312 | D:2      | Became a worshipper of the Wu Jian Council
  3338 | D:3      | Slain by an orc

Skill      XL: |  1  2  3 |
---------------+----------+-----
Transmutations | 2 |  2.5
Unarmed Combat | 3 |  3.9
Dodging        | 2 |  2.4
Fighting       | |  1.9
Shields        | |  0.1
Spellcasting   | |  2.0

Action                   |  1- 3 |  4- 6 || total
-------------------------+-------+-------++-------
Melee: Unarmed           |   105 |   101 ||   206
       Headbutt          |     2 |    12 ||    14
       Punch             |     1 |       ||     1
Throw: Throwing net      |     1 |       ||     1
       Stone             |       |     1 ||     1
 Cast: Beastly Appendage |     4 |       ||     4
  Use: Scroll            |       |     4 ||     4
       Potion            |       |     2 ||     2
 Stab: Sleeping          |     2 |     1 ||     3
  Eat: Chunk             |     2 |     1 ||     3
       Ration            |       |     2 ||     2
Armor: Robe              |    19 |    21 ||    40
Dodge: Dodged            |    62 |    71 ||   133

Vault maps used:
D:1:      zelgadis_glass_arrival_small
D:2:      gammafunk_temple_overflow_elements, old_standard_altar,
          kennysheep_generic_room_5
D:3:      grunt_qazlal_clouds
